AoeStats
← Kez

Arena

509912176Analyzed
3v3 RM · 3d ago on Sep 28, 2026· 50m 21s· 6 players
Game mode
Random Map
Map size
Normal (6 player)
Population
200
Speed
Normal
Resources
Standard
Victory
Conquest
Starting age
Dark Age
Ending age
Imperial Age
RankedLock teamsTeams togetherTeam positionsShared explorationLock speedFull tech treeHidden civsTurbo modeCheats
Victory
Defeat
🇮🇳 Spanish · India
1215
+15
🇮🇳 Jurchens · India
1142
+18
🇮🇳 Poles · India
1100
+19
🇳🇱 Muisca · Netherlands
1260
-20
🇦🇷 Vietnamese · Argentina
1162
-17
🇩🇪 Persians · Germany
1116
-15
ANGELSK3956
5:04 Loom
10:15 Feudal Age
14:24 Castle Age
15:07 Scale Mail Armor
20:55 Forging
21:15 Town Watch
25:43 Double-Bit Axe
25:40 Horse Collar
29:33 Wheelbarrow
34:22 Imperial Age
32:12 Gold Mining
35:33 Scale Barding Armor
36:03 Iron Casting
37:25 Bow Saw
38:37 Chemistry
38:25 Bloodlines
38:15 Husbandry
44:52 Fletching
45:02 Padded Archer Armor
46:00 Hand Cart
45:13 Elite Skirmisher
46:05 Bodkin Arrow
48:18 Ballistics
49:31 Bracer
49:47 Leather Archer Armor
Sythe
10:20 Feudal Age
14:02 Castle Age
12:37 Double-Bit Axe
12:35 Horse Collar
15:45 Wheelbarrow
16:06 Bow Saw
15:59 Heavy Plow
21:13 Gold Mining
21:45 Forging
21:41 Scale Barding Armor
22:15 Bloodlines
22:05 Husbandry
30:37 Imperial Age
28:11 Light Cavalry
28:41 Loom
29:12 Hand Cart
29:34 Iron Casting
29:20 Chain Barding Armor
30:46 Cavalier
33:04 Blast Furnace
32:45 Szlachta Privileges
34:35 Lechitic Legacy
33:35 Elite Obuch
34:58 Winged Hussar
36:58 Elite Obuch
37:59 Conscription
38:58 Ballistics
38:43 Siege Engineers
38:40 Scale Mail Armor
41:44 Capped Ram
43:30 Siege Ram
TigerOfThanjai
10:34 Feudal Age
14:28 Castle Age
13:40 Double-Bit Axe
13:44 Horse Collar
16:47 Loom
22:23 Stone Mining
26:11 Wheelbarrow
29:49 Heavy Plow
30:01 Bow Saw
33:27 Imperial Age
30:53 Gold Mining
31:50 Fletching
32:14 Masonry
32:55 Padded Archer Armor
34:39 Leather Archer Armor
34:37 Bloodlines
35:57 Chemistry
35:30 Architecture
35:20 Husbandry
35:51 Ring Archer Armor
35:43 Elite Conquistador
36:48 Ballistics
39:47 Stone Shaft Mining
40:13 Two-Man Saw
39:12 Bodkin Arrow
41:34 Supremacy
41:35 Conscription
44:15 Chemistry
43:16 Bracer
44:38 Murder Holes
45:40 Fortified Wall
Kez
10:33 Feudal Age
14:22 Castle Age
12:40 Double-Bit Axe
14:26 Loom
16:50 Wheelbarrow
16:10 Gold Mining
16:41 Fletching
26:53 Horse Collar
30:14 Imperial Age
30:20 Bow Saw
30:01 Stone Mining
30:29 Hand Cart
30:00 Town Watch
32:19 Scale Mail Armor
33:39 Forging
34:47 Conscription
35:42 Conscription
34:47 Elite Temple Guard
35:44 Heavy Plow
36:21 Chain Mail Armor
37:01 Squires
39:53 Ballistics
39:30 Bodkin Arrow
42:00 Two-Man Saw
42:08 Bracer
42:50 Padded Archer Armor
43:52 Chemistry
44:16 Hoardings
43:53 Masonry
45:02 Elite Skirmisher
47:48 Imperial Skirmisher
49:37 Murder Holes
Roy DeMeo
10:51 Feudal Age
14:50 Castle Age
12:53 Horse Collar
13:54 Double-Bit Axe
16:07 Bow Saw
21:25 Heavy Plow
22:47 Wheelbarrow
23:21 Hand Cart
25:19 Gold Mining
26:04 Fletching
27:34 Bodkin Arrow
32:11 Imperial Age
29:31 Town Watch
31:49 Ballistics
31:30 Padded Archer Armor
31:47 Loom
32:02 Town Patrol
32:33 Elite Rattan Archer
34:16 Chemistry
33:23 Siege Engineers
33:51 Stone Mining
34:25 Bracer
37:32 Treadmill Crane
43:31 Leather Archer Armor
45:31 Fortified Wall
Busy Dingo
10:33 Feudal Age
14:21 Castle Age
12:28 Double-Bit Axe
12:39 Horse Collar
15:21 Bow Saw
16:03 Heavy Plow
20:09 Wheelbarrow
27:44 Bloodlines
26:58 Crossbowman
28:17 Fletching
32:52 Bodkin Arrow
33:07 Forging
33:03 Scale Barding Armor
32:56 Gold Mining
32:56 Stone Mining
34:06 Hand Cart
33:37 Town Watch
33:37 Loom
34:48 Stone Shaft Mining
34:48 Gold Shaft Mining
37:51 Imperial Age
36:48 Chain Barding Armor
37:04 Iron Casting
37:16 Town Patrol
39:19 Chemistry
38:40 Ballistics
38:15 Murder Holes
42:45 Blast Furnace
42:20 Plate Barding Armor
43:43 Elite War Elephant
44:45 Conscription
Connection lost

Rejoining the realm…

Still unreachable

The connection could not be restored.

Session expired

The server has moved on; the page needs a fresh start.